 Dungeon Crawl Stone Soup version 0.32-a0-738-g1a05c61809 (webtiles) character file.

Game seed: 17629749138111985533

4 Descartes the Charlatan (level 1, -1/9 HPs)
             Began as a Felid Wanderer on Mar 17, 2024.
             Slain by a hobgoblin (4 damage)
             ... on level 1 of the Dungeon.
             The game lasted 00:01:22 (270 turns).

Descartes the Charlatan (Felid Wanderer)             Turns: 270, Time: 00:01:23

Health: -1/9       AC:  1    Str:  6    XL:     1   Next: 58%
Magic:  1/3        EV: 14    Int: 17    God:
Gold:   7          SH:  0    Dex: 15    Spells: 1/2 levels left
                                        Lives:  0   Deaths: 1

rFire   . . .        (weapon unavailable)
rCold   . . .        (shield unavailable)
rNeg    . . .        (body armour unavailable)
rPois   .            (helmet unavailable)
rElec   .            (cloak unavailable)
rCorr   .            (gloves unavailable)
SInv    +            (boots unavailable)
Will    .....        (no amulet)
Stlth   ++           (no ring)
HPRegen 0.21/turn    (no ring)
MPRegen 0.08/turn

%: no passive effects
@: no status effects
A: very small, claws 1, fangs 3, see invisible, shaggy fur 1, stealthy paws, no
weapons or thrown items, no armour, multi-lived
a: no special abilities


You were on level 1 of the Dungeon.
You visited 1 branch of the dungeon, and saw 1 of its levels.

You collected 7 gold pieces.

Inventory:

Wands
 a - a wand of flame (7) (quivered)
Scrolls
 b - a scroll of blinking
Potions
 c - 2 potions of brilliance {unknown}


   Skills:
 + Level 1.7 Stealth
 + Level 1.1 Spellcasting
 + Level 2.8 Conjurations
 + Level 1.1 Fire Magic
 - Level 4.3 Evocations


You had one spell level left.
You knew the following spells:

 Your Spells              Type           Power      Damage    Failure   Level
a - Foxfire               Conj/Fire      28%        2x1d5     10%         1

Your spell library contained the following spells:

 Spells                   Type           Power      Damage    Failure   Level
 Shock                    Conj/Air       20%        1d4       12%         1
 Sting                    Conj/Alch      20%        1d4       12%         1
 Apportation              Tloc           0%         N/A       22%         1
 Necrotise                Necr           0%         1d4       22%         1
 Summon Small Mammal      Summ           0%         N/A       22%         1
 Dazzling Flash           Conj/Hex       10%        N/A       34%         3
 Inner Flame              Hex/Fire       2%         N/A       45%         3
 Brom's Barrelling Bould  Conj/Erth      5%         2d3       75%         4
 Irradiate                Conj/Alch      2%         3d12      97%         5
 Ignition                 Fire           2%         3d3       100%        8


Dungeon Overview and Level Annotations

Branches:
Dungeon (1/15)

Altars:


Innate Abilities, Weirdness & Mutations

You have sharp claws.
You have razor-sharp teeth.
You have supernaturally acute eyesight. (SInv)
You are covered in fur. (AC +1)
Your paws help you pounce on unaware monsters.
You are incapable of wielding weapons or throwing items.
You cannot wear armour.
You gain extra lives every three experience levels.


Message History

The rat attacks as it pursues you! The rat bites you.
The rat twitches its whiskers.
A dart slug comes into view.
The rat attacks as it pursues you! The rat bites you.
The rat attacks as it pursues you! The rat bites you.
Casting: Foxfire (safe; 10% risk of failure)
Confirm with . or Enter, or press ? or * to list all spells.
You conjure some foxfire!
The foxfire hits the rat.
The rat is moderately wounded.
The foxfire hits the rat but does no damage.
The rat is moderately wounded.
Unknown command.
The rat attacks as it pursues you! The rat closely misses you.
You open the door. The rat misses you. The rat attacks as it pursues you!
The rat bites you.
There is an open door here.
There is a dry fountain here.
The rat attacks as it pursues you! The rat closely misses you.
The rat attacks as it pursues you! The rat misses you.
Casting: Foxfire (safe; 10% risk of failure)
Confirm with . or Enter, or press ? or * to list all spells.
You conjure some foxfire!
The rat barely misses you.
The foxfire hits the rat but does no damage.
The foxfire hits the rat.
You kill the rat!
There is a dry fountain here.
Casting: Foxfire (safe; 10% risk of failure)
Confirm with . or Enter, or press ? or * to list all spells.
You conjure some foxfire!
The foxfire hits the hobgoblin.
The hobgoblin is moderately wounded.
The foxfire hits the hobgoblin.
You kill the hobgoblin!
There is a dry fountain here.
The hobgoblin hits you.
Ouch! That really hurt!
* * * LOW HITPOINT WARNING * * *
There is a dry fountain, spattered with blood here.
The hobgoblin attacks as it pursues you!
The hobgoblin hits you.
You die...

##...⌠.........⌠.
#.........≈......
#...⌠...........⌠
#<.....≈.....≈...
#...⌠...........⌠
#.........≈...... ##.##
###...⌠.........⌠.
......#.g......⌠.(.⌠....
#......@##..............
#..####..####.........##
..... ###########[
........ ......
#.#........ .......
......#...# .......
............ ....... ..#
#...#.... ....... #.....


You could see a hobgoblin.

Vanquished Creatures
  A goblin (D:1)
  A hobgoblin (D:1)
  A ball python (D:1)
  2 rats (D:1)
5 creatures vanquished.

Vanquished Creatures (others)
  19 foxfires (D:1)
19 creatures vanquished.

Grand Total: 24 creatures vanquished

Notes
Turn   | Place    | Note
-------+----------+-------------------------------------------
     0 | D:1      | Descartes the Felid Wanderer began the quest for the Orb.
     0 | D:1      | Descartes set off with the following items: a wand of flame
                  | (7), a scroll of blinking; and the following spells
                  | available to memorise: Foxfire, Shock, Dazzling Flash,
                  | Inner Flame, Brom's Barrelling Boulder.
     0 | D:1      | Reached XP level 1. HP: 9/9 MP: 3/3
    28 | D:1      | Constricted to death by a ball python
    28 | D:1      | Lost a life (0 lives remaining)
    34 | D:1      | Learned a level 1 spell: Foxfire
   270 | D:1      | Slain by a hobgoblin

Illustrated notes

Levels and vault maps discovered:
D:1:      dpeg_arrival_stone_temple_mockup, layout_basic,
          hellmonk_ecumenical_altar_pennies_from_heaven,
          hangedman_decor_growths, minmay_pentomino_o4

Action                     || total
---------------------------++-------
  Melee: Unarmed           ||     2
   Cast: Foxfire           ||    11
 Armour: Skin              ||    14
  Dodge: Dodged            ||     7

Table legend: (Time is in decaauts)
 A = Elapsed time spent in this place.
 B = Non-inter-level travel time spent in this place.
 C = Inter-level travel time spent in this place.
 D = Time resting spent in this place.
 E = Time spent auto-exploring this place.
 F = Levels seen in this place.
 G = Mean time per level.
                   A        B        C        D        E       F      G
               +--------+--------+--------+--------+--------+-----+--------+
         Total |    270 |    270 |      0 |      0 |    175 |   1 |  270.0 |
       Dungeon |    270 |    270 |      0 |      0 |    175 |   1 |  270.0 |
               +--------+--------+--------+--------+--------+-----+--------+

Top non-repeatable levels by time:
     D:1: 270 daAuts
